 Dungeon Crawl Stone Soup version 0.26-a0-752-gcff87cac9a (webtiles) character file.

Game seed: 15585609596325758174

18517 mhtbhm the Blocker (level 12, -2/112 HPs)
             Began as a Gargoyle Berserker on Nov 6, 2020.
             Was the Champion of Trog.
             Slain by a sun demon (17 damage)
             ... summoned by an orc high priest
             ... on level 2 of the Orcish Mines.
             The game lasted 00:16:55 (11417 turns).

mhtbhm the Blocker (Gargoyle Berserker)            Turns: 11417, Time: 00:16:55

Health: -2/112     AC: 28    Str: 26    XL:     12   Next: 59%
Magic:  12/12      EV:  6    Int:  8    God:    Trog [******]
Gold:   783        SH: 25    Dex:  9    Spells: 11/11 levels left

rFire    . . .     SeeInvis .   a - +4 mace (vorpal)
rCold    . . .     Faith    .   o - +1 tower shield
rNeg     + . .     Spirit   .   b - +0 plate armour
rPois    ∞         Reflect  +   (no helmet)
rElec    +         Harm     .   f - +2 cloak
rCorr    .         Rampage  .   C - +2 pair of gloves
MR       .....                  (no boots)
Stlth    ..........             g - amulet of reflection
HPRegen  0.28/turn              (no ring)
MPRegen  0.13/turn              (no ring)

@: berserking, very quick
A: negative energy resistance 1, electricity resistance, unbreathing,
petrification resistance, rot immunity, AC +8
a: Berserk, Trog's Hand, Brothers in Arms, Renounce Religion


You were on level 2 of the Orcish Mines.
You worshipped Trog.
Trog was exalted by your worship.
You visited 2 branches of the dungeon, and saw 11 of its levels.

You collected 1435 gold pieces.
You spent 652 gold pieces at shops.

Inventory:

Hand Weapons
 a - a +4 vorpal mace (weapon)
 F - a +2 whip of holy wrath
Missiles
 v - 15 curare-tipped darts (quivered)
Armour
 b - a +0 plate armour (worn)
 f - a +2 cloak (worn)
 o - a +1 tower shield (worn)
 C - a +2 pair of gloves (worn)
Jewellery
 g - an amulet of reflection (around neck)
 r - an uncursed amulet of faith
Wands
 c - a wand of polymorph (3)
 u - a wand of disintegration (30)
 y - a wand of paralysis (5)
 B - a wand of flame (46)
Scrolls
 d - a scroll of enchant armour
 h - a scroll of holy word
 i - 2 scrolls of immolation
 n - 2 scrolls of remove curse
 p - 2 scrolls of teleportation
 q - 3 scrolls of enchant weapon
 z - a scroll of blinking
 A - a scroll of magic mapping {unknown}
Potions
 e - 2 potions of curing
 j - a potion of flight
 k - 3 potions of lignification {unknown}
 m - a potion of mutation {unknown}
 s - 2 potions of magic {unknown}
 t - 2 potions of heal wounds
 w - 2 potions of brilliance {unknown}
 x - 2 potions of might {unknown}
 D - 2 potions of attraction {unknown}
Miscellaneous
 E - a condenser vane


   Skills:
 + Level 8.8 Fighting
 + Level 12.4 Maces & Flails
 + Level 6.9 Armour
 + Level 5.0 Dodging
 - Level 0.9 Stealth
 + Level 12.6 Shields
 + Level 0.8 Evocations


You had 11 spell levels left.
You didn't know any spells.
Your spell library was empty.

Dungeon Overview and Level Annotations

Branches:
Dungeon (9/15)             Temple (0/1) D:4            Lair (0/6) D:9
    Orc (2/2) D:9             Elf (0/3) Orc:2

Altars:
Dithmenos
Elyvilon
Fedhas
Gozag
Hepliaklqana
Makhleb
Nemelex Xobeh
Ru
Trog
Wu Jian
Yredelemnul
Zin
The Shining One
Beogh

Shops:
D:8 *   Orc:1 *


Innate Abilities, Weirdness & Mutations

You are resistant to torment.
Your stone body is resilient. (AC +8)
You are immune to poison.
You resist negative energy. (rN+)
You are resistant to electric shocks. (rElec)
You can survive without breathing.
You are immune to petrification.
You are immune to rotting.


Message History

* * * LOW HITPOINT WARNING * * *
You barely miss the orc knight.
The orc knight is almost dead.
You block the orc warrior's attack.
Unknown command.
You hit the orc knight but do no damage.
The orc knight is almost dead.
You block the orc knight's attack.
The orc high priest mumbles some strange prayers to Beogh.
You sock the orc knight!
You kill the orc knight!
Trog accepts your kill.
The orc warrior hits you from afar with a +0 trident.
* * * LOW HITPOINT WARNING * * *
Unknown command.
You barely miss the orc high priest. You block the orc high priest's attack.
The sun demon hits you!
* * * LOW HITPOINT WARNING * * *
You are engulfed in flames!
You die...

[).....# #......... ##.....#
...#...# ..##......... ###)...#
......... ...##...#.#... ###....#
....#...#.... #.......^. .###...#
#...........# #......... ..####.#
#...#...#...# #......... ..##...#
#....o3...# #......... .......#
#..#.o)#..# #......... .......#
#...)@..# #.....)(..
.....#.#######..3#######...))<[..
.......#...............#..(.)))..
.......#...............#..)[)....
......................#))).......
.#....).............).(.......)..
####....)...........).)..........
# ##..................).........
# ##....[.....##....(..........


You could see an orc high priest (strong), a sun demon (summoned), a smoke demon
(summoned) and an orc warrior.

Vanquished Creatures
  An ettin (Orc:1)
  Erica (D:9)
  2 two-headed ogres
  4 orc high priests
  6 orc knights
  Pikel (D:4)
  2 cyclopes (Orc:1)
  2 orc sorcerers (Orc:1)
  Maurice (D:9)
  4 trolls
  A hornet (D:9)
  Sigmund (D:2)
  5 yaks (D:9)
  Grum (D:9)
  A black bear (D:6)
  27 orc warriors
  A sky beast (D:8)
  2 ice beasts
  5 ogres
  3 wolves (D:9)
  3 centaurs
  A lemure (D:4)
  2 big kobolds
  Blork the orc (D:6)
  5 bullfrogs
  3 scorpions
  A howler monkey (D:7)
  A bullfrog skeleton (D:9)
  A centaur zombie (D:9)
  6 hounds
  2 jellies (D:9)
  A quasit (D:9)
  20 orc priests
  4 centaur skeletons
  Terence (D:3)
  2 iguanas (D:6)
  20 orc wizards
  8 worker ants
  A worker ant zombie (D:6)
  3 gnolls (D:5)
  15 adders
  A shadow imp (D:5)
  An ufetubus (D:5)
  2 oozes (D:1)
  An adder zombie (D:9)
  2 adder skeletons
  4 worms
  2 dart slugs (D:3)
  6 leopard geckos
  64 orcs
  4 ball pythons
  8 bats
  11 giant cockroaches
  4 goblins
  11 hobgoblins
  10 jackals
  3 quokkas
  6 frilled lizards
  12 kobolds
  A quokka skeleton (D:4)
  7 rats
332 creatures vanquished.

Vanquished Creatures (others)
  A kobold (D:9)
1 creature vanquished.

Grand Total: 333 creatures vanquished

Notes
Turn   | Place    | Note
-------+----------+-------------------------------------------
     0 | D:1      | mhtbhm the Gargoyle Berserker began the quest for the Orb.
     0 | D:1      | Reached XP level 1. HP: 14/14 MP: 1/1
     1 | D:1      | Found a runed translucent door.
   160 | D:1      | Reached XP level 2. HP: 17/19 MP: 2/2
   830 | D:1      | Reached XP level 3. HP: 24/24 MP: 3/3
   835 | D:1      | Reached ** piety under Trog
  1098 | D:2      | Noticed Sigmund
  1108 | D:2      | Reached XP level 4. HP: 25/29 MP: 4/4
  1116 | D:2      | Killed Sigmund
  1116 | D:2      | Reached skill level 5 in Maces & Flails
  1116 | D:2      | Reached XP level 5. HP: 34/34 MP: 5/5
  1116 | D:2      | Reached XP level 6. HP: 39/39 MP: 6/6
  1281 | D:2      | Found a glowing silver altar of Zin.
  1346 | D:2      | You fall into a shaft and drop 2 floors!
  1529 | D:4      | Reached skill level 1 in Shields
  1563 | D:4      | Found a bloodstained altar of Trog.
  1885 | D:4      | Reached *** piety under Trog
  1952 | D:4      | Found a sacrificial altar of Ru.
  1962 | D:4      | Reached XP level 7. HP: 44/44 MP: 7/7
  2002 | D:4      | Noticed Pikel
  2018 | D:4      | Killed Pikel
  2018 | D:4      | Reached skill level 5 in Fighting
  2018 | D:4      | Reached XP level 8. HP: 44/49 MP: 8/8
  2268 | D:4      | Found a staircase to the Ecumenical Temple.
  3265 | D:3      | Noticed Terence
  3271 | D:3      | Killed Terence
  3432 | D:3      | Found a transporter.
  3458 | D:3      | Found a transporter.
  3462 | D:3      | Found an ornate altar of the Wu Jian Council.
  4198 | D:5      | Entered Level 5 of the Dungeon
  4595 | D:5      | Reached **** piety under Trog
  4648 | D:5      | Reached skill level 5 in Shields
  4713 | D:5      | Found a glowing golden altar of the Shining One.
  4713 | D:5      | Found a blossoming altar of Fedhas.
  4718 | D:5      | Found a shadowy altar of Dithmenos.
  4981 | D:6      | Reached XP level 9. HP: 52/54 MP: 9/9
  4993 | D:6      | Noticed Blork the orc
  5021 | D:6      | Killed Blork the orc
  5152 | D:6      | Found a sparkling altar of Nemelex Xobeh.
  5742 | D:7      | Found a hazy altar of Hepliaklqana.
  6061 | D:7      | Found a basalt altar of Yredelemnul.
  6127 | D:8      | Found Sagad's General Store.
  6132 | D:8      | Found an opulent altar of Gozag.
  6139 | D:8      | Bought a potion of heal wounds for 60 gold pieces
  6196 | D:8      | Noticed a two-headed ogre
  6204 | D:8      | Killed a two-headed ogre
  6499 | D:8      | Reached ***** piety under Trog
  6520 | D:8      | Found a white marble altar of Elyvilon.
  6573 | D:8      | Reached skill level 5 in Armour
  6614 | D:8      | Found a burning altar of Makhleb.
  6655 | D:8      | Reached XP level 10. HP: 61/61 MP: 10/10
  6872 | D:8      | Bought a condenser vane for 480 gold pieces
  7089 | D:9      | Noticed a two-headed ogre
  7095 | D:9      | Noticed Maurice
  7114 | D:9      | Killed a two-headed ogre
  7144 | D:9      | Reached skill level 10 in Maces & Flails
  7182 | D:9      | Killed Maurice
  7227 | D:9      | Found a staircase to the Lair.
  7528 | D:9      | Noticed Erica
  7566 | D:9      | Killed Erica
  7566 | D:9      | Reached XP level 11. HP: 67/67 MP: 11/11
  7678 | D:9      | Noticed Grum
  7712 | D:9      | Received a gift from Trog
  7718 | D:9      | Killed Grum
  7803 | D:9      | Found a staircase to the Orcish Mines.
  8027 | D:9      | Found a roughly hewn altar of Beogh.
  8170 | Orc:1    | Entered Level 1 of the Orcish Mines
  8177 | Orc:1    | Noticed an orc knight
  8180 | Orc:1    | Noticed a cyclops
  8182 | Orc:1    | Noticed an orc sorcerer
  8240 | Orc:1    | Killed an orc knight
  8240 | Orc:1    | Reached skill level 10 in Shields
  8243 | Orc:1    | Killed a cyclops
  8253 | Orc:1    | Killed an orc sorcerer
  8397 | Orc:1    | Noticed an ettin
  8415 | Orc:1    | Killed an ettin
  8532 | Orc:1    | Found Zali Lumm's General Store.
  8548 | Orc:1    | Bought a scroll of holy word for 112 gold pieces
  8738 | Orc:1    | Noticed an orc sorcerer
  8740 | Orc:1    | Paralysed by an orc sorcerer for 7 turns
  8748 | Orc:1    | Noticed a cyclops
  8758 | Orc:1    | Killed an orc sorcerer
  8776 | Orc:1    | Killed a cyclops
  9220 | Orc:2    | Entered Level 2 of the Orcish Mines
  9784 | Orc:2    | Reached ****** piety under Trog
  9994 | Orc:2    | Found a staircase to the Elven Halls.
 10115 | Orc:2    | Reached XP level 12. HP: 50/74 MP: 12/12
 10729 | Orc:2    | Noticed an orc high priest
 10863 | Orc:2    | Noticed a sun demon
 10864 | Orc:2    | Noticed an orc high priest
 10866 | Orc:1    | Killed an orc high priest
 11072 | Orc:2    | Killed an orc high priest
 11120 | Orc:2    | Noticed an orc high priest
 11205 | Orc:2    | Killed an orc high priest
 11205 | Orc:2    | Reached skill level 5 in Dodging
 11357 | Orc:2    | Received a gift from Trog
 11374 | Orc:2    | Noticed an orc high priest
 11388 | Orc:2    | Killed an orc high priest
 11399 | Orc:2    | Noticed an orc high priest
 11416 | Orc:2    | Noticed a sun demon
 11417 | Orc:2    | Slain by a sun demon

Illustrated notes

Levels and vault maps discovered:
D:1:      dpeg_arrival_caged_fury, layout_basic
D:2:      layout_basic, lemuel_doored_altar, nrook_campfire, uniq_sigmund
D:3:      layout_basic, gammafunk_temple_overflow_arena,
          chequers_serial_rivers_large_b, uniq_terence
D:4:      layout_basic, nicolae_overflow_crystal_walls, lemuel_crystal_altar,
          lemuel_temple_firewalk_b, st_stairs_3, uniq_pikel
D:5:      layout_loops_cross, nicolae_overflow_hidden_temple,
          gammafunk_temple_overflow_wave
D:6:      layout_loops_cross, nemelex_xobeh_ov_fountains_minmay,
          uniq_blork_the_orc
D:7:      layout_basic, old_standard_altar, kennysheep_mini
D:8:      layout_loops_ring, grunt_temple_overflow_open, kennysheep_little_box,
          serial_shops, nicolae_shop_statue_plus, chequers_garden
D:9:      layout_rooms, lair_entry_dummy, minmay_orc_entry_temple_small,
          uniq_grum, uniq_maurice, uniq_erica
Orc:1:    layout_diamond_mine, serial_shops, nicolae_shop_crystal
Orc:2:    st_orc_pillars, layout_caves, guppyfry_library_mini

Skill      XL: |  1  2  3  4  5  6  7  8  9 10 11 12 |
---------------+-------------------------------------+-----
Fighting       | 4 5 6 7 8 |  8.8
Maces & Flails | 5 6 7 9 10 11 12 | 12.4
Dodging        | 2 3 4 5 |  5.0
Shields        | 1 3 5 7 9 11 12 | 12.6
Armour         | 3 4 5 6 |  6.9
Stealth        | |  0.9
Evocations     | |  0.8

Action                   |  1- 3 |  4- 6 |  7- 9 | 10-12 || total
-------------------------+-------+-------+-------+-------++-------
Melee: Mace              |   117 |    82 |       |    39 ||   238
       Morningstar       |       |     8 |    17 |       ||    25
       War axe           |       |     7 |       |       ||     7
       Flail             |       |       |   253 |   620 ||   873
       Whip              |       |       |   112 |       ||   112
Invok: Berserk           |     1 |     2 |     5 |    17 ||    25
Evoke: Wand              |       |       |       |     7 ||     7
  Use: Scroll            |       |       |    10 |     5 ||    15
       Potion            |       |       |       |     2 ||     2
Armor: Leather armour    |    65 |    32 |    19 |       ||   116
       Chain mail        |       |       |    65 |   173 ||   238
       Ring mail         |       |       |    18 |       ||    18
       Plate armour      |       |       |       |     7 ||     7
Dodge: Dodged            |    95 |    36 |    58 |    89 ||   278
Block: Other             |    27 |     9 |       |       ||    36
       Tower shield      |       |    27 |   355 |   743 ||  1125
       Reflection        |       |       |     7 |    45 ||    52

Table legend: (Time is in decaauts)
 A = Elapsed time spent in this place.
 B = Non-inter-level travel time spent in this place.
 C = Inter-level travel time spent in this place.
 D = Time resting spent in this place.
 E = Time spent auto-exploring this place.
 F = Levels seen in this place.
 G = Mean time per level.
                   A        B        C        D        E       F      G
               +--------+--------+--------+--------+--------+-----+--------+
         Total |  11701 |  11653 |     48 |   2738 |   5757 |  11 | 1063.7 |
       Dungeon |   8455 |   8407 |     48 |   1331 |   4824 |   9 |  939.4 |
  Orcish Mines |   3245 |   3245 |      0 |   1407 |    933 |   2 | 1622.5 |
               +--------+--------+--------+--------+--------+-----+--------+

Top non-repeatable levels by time:
   Orc:1: 1669 daAuts
   Orc:2: 1576 daAuts
     D:4: 1544 daAuts
     D:9: 1248 daAuts
     D:3: 1193 daAuts
     D:8: 919 daAuts
     D:1: 907 daAuts
     D:5: 764 daAuts
     D:6: 717 daAuts
     D:2: 683 daAuts
     D:7: 475 daAuts
